 Dungeon Crawl Stone Soup version 0.21.1-1-g345015fe64 (webtiles) character file.

7574 onguntoglu the Grappler (level 10, -4/92 HPs)
             Began as a Troll Berserker on Feb 10, 2018.
             Was a High Priest of Trog.
             Killed from afar by an electric eel (10 damage)
             ... with a bolt of electricity
             ... on level 8 of the Dungeon.
             The game lasted 00:39:52 (7989 turns).

onguntoglu the Grappler (Troll Berserker)           Turns: 7989, Time: 00:39:53

Health: -4/92      AC: 11    Str: 29 (30) XL:     10   Next: 97%
Magic:  9/9        EV: 11    Int:  3      God:    Trog [*****.]
Gold:   1290       SH:  0    Dex:  8 (9)  Spells: 9/9 levels left

rFire    + + .     SeeInvis .     - Unarmed
rCold    x . .     Gourm    +   (no shield)
rNeg     . . .     Faith    .   N - +1 troll leather armour
rPois    .         Spirit   .   a - +2 hat
rElec    .         Reflect  .   C - +0 cloak
rCorr    .         Harm     .   (gloves unavailable)
MR       .....                  (boots unavailable)
Stlth    +.........             v - amulet of rage
HPRegen  1.05/turn              c - ring of fire
MPRegen  0.11/turn              G - ring of Zin's Pride {+Fly rF+}

@: about to teleport
A: large, unfitting armour, claws 3, deterioration 1, fast metabolism 3,
gourmand, regeneration 1, shaggy fur 1, tough skin 2
a: Berserk, Trog's Hand, Brothers in Arms, Burn Spellbooks, Renounce Religion,
Evoke Berserk Rage, Evoke Flight


You were on level 8 of the Dungeon.
You worshipped Trog.
Trog was extremely pleased with you.
You were completely stuffed.

You visited 1 branch of the dungeon, and saw 8 of its levels.
You also visited: Bailey.

You collected 1290 gold pieces.

Inventory:

Hand Weapons
 E - a +6 antimagic long sword
 I - the +7 spear "Gan Cuib" {freeze, Int+2, unknown}
   (You found it in a bailey)

   It has been specially enchanted to freeze those struck by it, causing extra
   injury to most foes and up to half again as much damage against particularly
   susceptible opponents.
   It can also slow down cold-blooded creatures.
   It affects your intelligence (+2).
 J - a +4 antimagic great sword
 L - the +9 hand axe of the Vestibule of Hell {protect, Int+4}
   (You found it on level 7 of the Dungeon)

   It protects the one who uses it against injury (+AC on strike).
   It affects your intelligence (+4).
 M - the +0 war axe "Sopaff" {vamp, +Blink rC+ MR+++ Dex-4}
   (You found it on level 7 of the Dungeon)

   It inflicts no extra harm, but heals its wielder when it wounds a living foe.
   It affects your dexterity (-4).
   It protects you from cold.
   It affects your resistance to hostile enchantments.
   It lets you blink.
Armour
 a - a +2 hat (worn)
 g - a scarf of spirit shield
 r - a +2 robe of positive energy
 C - a +0 cloak (worn)
 N - a +1 troll leather armour (worn)
Jewellery
 c - a ring of fire (left claw)
 l - a +3 ring of intelligence
 v - an amulet of rage (around neck)
 G - the ring of Zin's Pride (right claw) {+Fly rF+}
   (You found it on level 7 of the Dungeon)

   [ring of flight]

   It protects you from fire.
   It lets you fly.
Wands
 t - a wand of paralysis (36)
 H - a wand of disintegration (19)
Scrolls
 d - 4 scrolls of enchant weapon
 j - a scroll of remove curse
 n - 4 scrolls of amnesia
 p - a scroll of magic mapping {unknown}
 s - 2 scrolls of enchant armour
 w - 4 scrolls of identify
 y - a scroll of vulnerability {unknown}
 z - a scroll of noise {unknown}
 B - 2 scrolls of fog {unknown}
Potions
 e - 4 potions of cancellation
 f - 2 potions of flight
 i - 15 potions of degeneration
 k - a potion of berserk rage {unknown}
 m - a potion of ambrosia {unknown}
 o - a potion of heal wounds {unknown}
 q - 2 potions of curing {unknown}
 x - a potion of magic {unknown}
 D - a potion of haste {unknown}
 F - a potion of mutation {unknown}
Miscellaneous
 K - a fan of gales
Comestibles
 b - 20 rations
 A - 8 chunks of flesh


   Skills:
 + Level 4.0 Fighting
 + Level 1.9 Armour
 + Level 6.3 Dodging
 - Level 1.0 Stealth
 + Level 14.2 Unarmed Combat


You had 9 spell levels left.
You didn't know any spells.

Dungeon Overview and Level Annotations

Branches:
Dungeon (8/15)             Temple (0/1) D:5            Lair (0/6) D:8

Altars:
Ashenzari
Dithmenos
Elyvilon
Gozag
Kikubaaqudgha
Qazlal
Ru
Trog
Uskayaw
Vehumet
Zin

Shops:
D:4 *


Innate Abilities, Weirdness & Mutations

You are too large for most types of armour.
You have claws for hands.
Your metabolism is lightning-fast.
You like to eat raw meat.
Your natural rate of healing is unusually fast.
You are covered in fur. (AC +1)
You have very tough skin. (AC +2)
Your body sometimes deteriorates upon taking damage.


Message History

an arrow; a pair of gloves The centaur shoots an arrow.
The arrow barely misses you.
The electric eel shoots out a bolt of lightning at you!
The bolt of electricity misses you. The bolt of electricity hits you!
You see here an arrow.
Unknown command.
The centaur shoots an arrow.
The arrow hits you!
The electric eel shoots out a bolt of lightning at you!
The bolt of electricity hits you!
* * * LOW HITPOINT WARNING * * *
The bolt of electricity hits you!
* * * LOW HITPOINT WARNING * * *
Your body deteriorates!
You feel weakened.
You see here an arrow.
As you read the scroll of teleportation, it crumbles to dust.
You feel strangely unstable.
The centaur shoots an arrow.
The arrow hits you.
* * * LOW HITPOINT WARNING * * *
The electric eel shoots out a bolt of lightning at you!
The bolt of electricity hits you! x2
You die...

.......;PP≈≈≈≈P≈≈≈≈≈≈≈........
...##....≈≈≈≈≈≈≈≈≈≈≈≈≈..≈...≈P
...##...≈≈(≈≈≈≈≈≈≈≈≈≈≈≈P.≈≈≈≈≈
<####<....≈.≈≈≈;≈≈≈≈≈≈W≈≈≈≈W≈≈
.# #.# ....;≈≈≈≈≈≈≈≈≈c≈≈≈≈≈≈
.# #.# ..≈≈≈..;P≈≈..≈≈≈≈.≈≈
.## #.# #..........≈.....≈.≈
..###.# #.###.#(..(..###....
....#.# #.....@(###### #
..#.#.# #####.### ###.#.# #.#
###.#.# #.# #...#.# #.#
#.#.#.# #.# ..†.P.##
##.#####.# P÷P....##
#......... ..P.....#
#.#.####.#


You could see a phantom, a centaur and 3 electric eels.

Vanquished Creatures
  A two-headed ogre (D:7)
  Pikel (D:6)
  An ugly thing (D:7)
  A gargoyle (D:7)
  A troll (D:7)
  2 hippogriffs
  A hornet (D:7)
  A wyvern (D:7)
  A vampire mosquito (D:7)
  3 porcupines (D:8)
  3 ice beasts
  6 orc warriors
  A slave (D:6)
  2 sky beasts
  A black bear (D:7)
  3 phantoms
  2 centaurs
  3 ogres
  Blork the orc (D:5)
  9 bullfrogs
  4 scorpions
  5 wights (D:7)
  7 crimson imps
  A bullfrog zombie (D:6)
  2 centaur skeletons (D:5)
  6 jellies
  A bullfrog skeleton (D:7)
  3 orc priests
  4 hounds
  7 orc wizards
  2 iguanas
  9 worker ants
  A killer bee zombie (D:5)
  A hound zombie (D:7)
  2 hound skeletons
  A howler monkey zombie (D:7)
  13 gnolls
  10 adders
  2 shadow imps
  3 oozes (D:1)
  An adder zombie (D:7)
  An adder skeleton (D:5)
  4 worms
  6 dart slugs
  3 leopard geckos
  43 orcs
  6 bats
  11 giant cockroaches
  17 goblins
  12 hobgoblins
  13 jackals
  7 quokkas
  6 frilled lizards
  A jackal skeleton (D:5)
  13 kobolds
  A quokka skeleton (D:7)
  10 rats
283 creatures vanquished.

Vanquished Creatures (others)
  A slave (D:6)
  A centaur (D:6)
  A hound (D:6)
  An orc priest (D:6)
  A gnoll (D:6)
  A shadow imp (D:8)
  An orc (D:6)
7 creatures vanquished.

Grand Total: 290 creatures vanquished

Notes
Turn   | Place    | Note
-------+----------+-------------------------------------------
     0 | D:1      | onguntoglu the Troll Berserker began the quest for the Orb.
     0 | D:1      | Reached XP level 1. HP: 22/22 MP: 0/0
     1 | D:1      | Found a runed door.
    15 | D:1      | Reached XP level 2. HP: 29/29 MP: 1/1
    44 | D:1      | Reached XP level 3. HP: 30/36 MP: 2/2
   390 | D:1      | Reached ** piety under Trog
   536 | D:1      | Reached skill level 4 in Unarmed Combat
  1297 | D:2      | Reached XP level 4. HP: 35/44 MP: 3/3
  2474 | D:3      | Reached *** piety under Trog
  2517 | D:3      | Reached XP level 5. HP: 52/52 MP: 4/4
  2621 | D:3      | Reached skill level 5 in Unarmed Combat
  3191 | D:4      | Found Vualiwn's Assorted Antiques.
  3292 | D:4      | Reached XP level 6. HP: 57/59 MP: 5/5
  3339 | D:4      | Reached skill level 6 in Unarmed Combat
  3373 | D:4      | Found a shadowy altar of Dithmenos.
  3669 | D:4      | Reached XP level 7. HP: 49/66 MP: 6/6
  3836 | D:5      | Entered Level 5 of the Dungeon
  3892 | D:5      | Found a white marble altar of Elyvilon.
  3892 | D:5      | Found a hide-covered altar of Uskayaw.
  3892 | D:5      | Found a bloodstained altar of Trog.
  3892 | D:5      | Found an ancient bone altar of Kikubaaqudgha.
  3893 | D:5      | Reached skill level 7 in Unarmed Combat
  3907 | D:5      | Found a stormy altar of Qazlal.
  3907 | D:5      | Found a glowing silver altar of Zin.
  3916 | D:5      | Reached **** piety under Trog
  3963 | D:5      | Noticed Blork the orc
  3973 | D:5      | Killed Blork the orc
  3993 | D:5      | Reached skill level 8 in Unarmed Combat
  4156 | D:5      | Found a shadowy altar of Dithmenos.
  4603 | D:5      | Reached XP level 8. HP: 69/75 MP: 7/7
  4614 | D:5      | Found a staircase to the Ecumenical Temple.
  4803 | D:6      | Reached skill level 9 in Unarmed Combat
  4830 | D:6      | Reached skill level 1 in Stealth
  4941 | D:6      | Reached skill level 10 in Unarmed Combat
  5016 | D:6      | Reached ***** piety under Trog
  5086 | D:6      | Noticed Pikel
  5094 | D:6      | Killed Pikel
  5094 | D:6      | Reached skill level 11 in Unarmed Combat
  5094 | D:6      | Reached XP level 9. HP: 83/83 MP: 8/8
  5111 | D:6      | Found a shadowy altar of Dithmenos.
  6086 | D:7      | Reached skill level 5 in Dodging
  6138 | D:7      | Noticed a troll
  6138 | D:7      | Noticed a gargoyle
  6140 | D:7      | Noticed a purple ugly thing
  6141 | D:7      | Killed a troll
  6141 | D:7      | Reached skill level 12 in Unarmed Combat
  6148 | D:7      | Killed a purple ugly thing
  6159 | D:7      | Reached XP level 10. HP: 32/91 MP: 9/9
  6161 | D:7      | Noticed a two-headed ogre
  6188 | D:7      | Found a shattered altar of Ashenzari.
  6293 | D:7      | Found a radiant altar of Vehumet.
  6293 | D:7      | Found a bloodstained altar of Trog.
  6294 | D:7      | Found an opulent altar of Gozag.
  6294 | D:7      | Found a sacrificial altar of Ru.
  6306 | D:7      | Received a gift from Trog
  6309 | D:7      | Reached skill level 13 in Unarmed Combat
  6325 | D:7      | Killed a two-headed ogre
  6666 | D:7      | Got a heavily runed wooden ring
  6685 | D:7      | Identified the ring of Zin's Pride {+Fly rF+} (You found it on level 7 of the Dungeon)
  6776 | D:7      | Got a shimmering hand axe
  6781 | D:7      | Got a slimy war axe
  6807 | D:7      | Got a transparent robe
  6818 | D:7      | Identified the cursed -5 robe of Misfortune {-Cast *Contam *Tele *Drain EV-5 Stlth-- *Curse} (You took it off a crimson imp on level 7 of the Dungeon)
  6819 | D:7      | Identified the +9 hand axe of the Vestibule of Hell {protect, Int+4} (You found it on level 7 of the Dungeon)
  6820 | D:7      | Identified the cursed +0 war axe "Sopaff" {vamp, +Blink rC+ MR+++ Dex-4} (You found it on level 7 of the Dungeon)
  6885 | D:7      | Gained mutation: Your body sometimes deteriorates upon taking damage. [mutagenic glow]
  7251 | D:7      | Killed a gargoyle
  7559 | D:8      | Found a flagged portal.
  7593 | Bailey   | Entered a bailey
  7620 | Bailey   | Reached skill level 14 in Unarmed Combat
  7644 | Bailey   | Reached skill level 1 in Armour
  7671 | Bailey   | Found a burning altar of Makhleb.
  7705 | Bailey   | Got an ichor-stained spear
  7910 | D:8      | Found a staircase to the Lair.
  7989 | D:8      | Killed from afar by an electric eel

Skill      XL: |  1  2  3  4  5  6  7  8  9 10 |
---------------+-------------------------------+-----
Unarmed Combat | 4 5 6 8 11 12 14 | 14.2
Dodging        | 3 4 5 6 |  6.3
Fighting       | 3 4 |  4.0
Stealth        | 1 |  1.0
Armour         | 1 |  1.9

Action                   |  1- 3 |  4- 6 |  7- 9 | 10-12 || total
-------------------------+-------+-------+-------+-------++-------
Melee: Unarmed           |    94 |   169 |   266 |   177 ||   706
       Punch             |       |     2 |    10 |     9 ||    21
       War axe           |       |       |       |    24 ||    24
Throw: Throwing net      |       |       |     1 |     1 ||     2
Invok: Trog's Hand       |       |       |     3 |     4 ||     7
       Berserk           |       |       |     2 |     2 ||     4
  Use: Scroll            |     3 |     2 |     2 |     5 ||    12
       Potion            |       |       |     1 |       ||     1
 Stab: Sleeping          |       |       |     2 |       ||     2
  Eat: Chunk             |    17 |    22 |    25 |    26 ||    90
Armor: Animal skin       |    40 |    48 |     6 |       ||    94
       Robe              |       |       |    48 |    23 ||    71
       Troll leather arm |       |       |       |    63 ||    63
Dodge: Dodged            |    75 |    66 |   137 |   147 ||   425
